Map: Abyssal Reef LE

Players

HorseMaster

  • Race: Protoss Protoss
  • League: Platinum
  • Spawn Location: 5:00

eXile - Winner!

  • Race: Zerg Zerg
  • League: Platinum
  • Spawn Location: 11:00

VOD

Have the link to the VOD?

Description

Time

  • Played on: Aug. 25, 2017, 1:18 p.m.
  • Length: 10:40
Show
View Real Time Build Order
Export as new Build Order

HorseMaster Protoss 

Build Orders: Zealot Archon 

Get SALT Encoding   

  12  0:01  Probe (Chrono Boost)  
  13  0:11  Probe (Chrono Boost)  
  14  0:20  Pylon  
  14  0:25  Probe (Chrono Boost)  
  15  0:33  Assimilator  
  15  0:42  Gateway  
  15  0:48  Probe (Chrono Boost)  
  16  0:59  Probe (Chrono Boost)  
  17  1:11  Gateway  
  17  1:14  Probe (Chrono Boost)  
  18  1:25  Probe (Chrono Boost)  
  19  1:32  Cybernetics Core  
  19  1:33  Zealot (Chrono Boost)  
  21  1:55  Probe  
  22  2:05  Pylon  
  22  2:12  Warp Gate (Chrono Boost), Assimilator  
  22  2:23  Adept, Zealot, Mothership Core  
  28  2:35  Pylon  
  28  2:47  Probe  
  28  2:48  Forge  
  29  2:59  Probe  
  30  3:11  Probe  
  31  3:14  Twilight Council  
  31  3:21  Protoss Ground Weapons Level 1 (Chrono Boost)  
  31  3:23  Probe  
  32  3:35  Pylon  
  32  3:48  Nexus  
  32  3:56  Resonating Glaives  
  32  4:06  Photon Cannon  
  32  4:09  Probe  
  33  4:21  Probe  
  33  4:23  Templar Archives  
  34  4:33  Probe  
  26  4:45  Probe  
  26  4:52  Photon Cannon  
  27  4:57  Probe  
  25  5:09  Probe  
  25  5:10  Probe  
  22  5:22  Probe  
  22  5:26  High Templar  
  25  5:30  Probe  
  25  5:34  Probe  
  27  5:37  High Templar  
  27  5:41  Archon, Probe  
  30  5:46  Probe  
  31  5:51  Probe  
  32  5:58  Probe  
  32  6:02  Probe  
  34  6:07  Zealot  
  34  6:10  Probe  
  37  6:12  Probe  
  38  6:22  Probe  
  38  6:24  Stalker  
  41  6:34  Probe x2  
  41  6:36  Adept  
  45  6:44  Probe  
  45  6:46  Probe  
  47  6:49  Adept  
  49  6:59  Stalker  
  51  7:13  Dark Shrine  
  51  7:21  Probe x2, Zealot  
  54  7:24  Assimilator  
  55  7:30  Gateway  
  55  7:32  Gateway  
  55  7:37  Pylon  
  55  7:48  Probe  
  51  7:54  Pylon  
  44  8:00  Probe  
  45  8:12  Probe  
  41  8:29  Dark Templar x2  
  45  8:39  Dark Templar  
  47  8:52  Probe  
  48  8:59  Probe  
  49  9:12  High Templar x2  
  49  9:16  Archon  
  53  9:29  High Templar  
  53  9:30  High Templar  
  57  9:33  Archon  
  57  9:51  Dark Templar x2  
  47  10:02  Probe  
Show
View Real Time Build Order
Export as new Build Order

eXile Zerg - Winner!

Build Orders: Hatch First 

Get SALT Encoding   

  12  0:02  Drone  
  13  0:14  Overlord  
  13  0:21  Drone  
  14  0:35  Drone x2  
  16  0:38  Drone  
  17  0:55  Hatchery  
  16  0:57  Drone  
  16  1:02  Extractor  
  16  1:07  Drone  
  17  1:18  Spawning Pool  
  16  1:23  Drone  
  16  1:25  Drone  
  18  1:40  Overlord  
  18  1:42  Drone  
  19  2:00  Drone  
  20  2:04  Metabolic Boost  
  20  2:06  Queen  
  22  2:10  Queen  
  24  2:23  Baneling Nest, Drone x2  
  24  2:29  Drone, Extractor  
  25  2:33  Drone  
  26  2:41  Zergling x4  
  26  2:44  Drone  
  29  2:54  Drone x3  
  32  3:04  Evolution Chamber  
  31  3:07  Pneumatized Carapace  
  31  3:11  Zergling x4  
  33  3:14  Drone  
  33  3:16  Drone  
  35  3:26  Drone  
  36  3:35  Zerg Melee Weapons Level 1  
  36  3:48  Baneling x4  
  36  3:59  Baneling x4  
  36  4:06  Overlord x2  
  36  4:13  Hatchery  
  35  4:24  Drone x2  
  35  4:25  Drone x6  
  35  4:26  Drone  
  43  4:45  Drone x2  
  43  4:46  Drone x5  
  49  4:56  Zergling x2  
  48  5:12  Queen  
  50  5:14  Zergling x4  
  50  5:17  Extractor  
  50  5:18  Extractor  
  50  5:19  Zergling x4  
  52  5:29  Drone x4  
  52  5:30  Drone x2  
  52  5:31  Overlord  
  52  5:33  Overlord  
  58  5:48  Overlord x2  
  58  5:56  Lair  
  58  5:58  Drone x3  
  58  5:59  Drone x6  
  67  6:15  Extractor  
  67  6:16  Extractor  
  65  6:27  Zergling x12  
  65  6:28  Zergling x14  
  78  6:34  Zerg Ground Armor Level 1  
  78  7:00  Spire  
  77  7:02  Baneling x4  
  77  7:08  Baneling x4  
  77  7:13  Drone x3  
  80  7:20  Zergling x2  
  80  7:21  Zergling x10  
  80  7:22  Zergling x4  
  88  7:23  Zergling x4  
  90  7:41  Overlord x7  
  90  7:42  Overlord  
  88  7:59  Overlord x2  
  88  8:00  Overlord x2  
  86  8:14  Mutalisk x5  
  86  8:15  Mutalisk x5  
  106  8:23  Zerg Flyer Weapons Level 1  
  106  8:29  Mutalisk  
  106  8:30  Mutalisk x2  
  106  8:32  Hatchery  
  111  8:38  Mutalisk x2  
  111  8:39  Mutalisk  
  117  8:46  Mutalisk x2  
  121  8:51  Mutalisk x3  
  121  8:53  Mutalisk x2  
  131  8:56  Zergling x10  
  131  9:00  Overlord  
  136  9:11  Hatchery  
  135  9:17  Overlord x2  
  133  9:30  Overseer  
  132  9:35  Overseer x2  
  132  9:36  Overseer x2  
  122  9:40  Overseer x2  
  107  10:00  Mutalisk x3  
  107  10:01  Mutalisk x5  
Tags
 
Add a new tag
Caveats
  • Supply blocks, unpowered buildings, or Contaminate may cause inaccurate times.
  • Supply counts are checked every 10 seconds.